AoeStats
← Stanko2026

QS Arena

503477446Analyzed
1v1 RM · 1mo ago on Aug 31, 2026· 49m 27s· 2 players
Game mode
Random Map
Map size
Tiny (2 player)
Population
200
Speed
Normal
Resources
Standard
Victory
Conquest
Starting age
Dark Age
Ending age
Imperial Age
RankedLock teamsTeams togetherTeam positionsShared explorationLock speedFull tech treeHidden civsTurbo modeCheats
Victory
Defeat
🇩🇪 Burgundians · Germany
750
+14
🇺🇸 Slavs · United States
717
-14
BensJammin
9:39 Feudal Age
15:15 Castle Age
14:10 Double-Bit Axe
14:33 Stone Mining
15:03 Forging
14:43 Horse Collar
16:14 Pikeman
18:08 Bow Saw
22:56 Heavy Plow
23:08 Scale Mail Armor
29:40 Imperial Age
27:00 Loom
28:27 Scale Barding Armor
30:10 Wheelbarrow
30:47 Gold Mining
32:12 Two-Man Saw
31:05 Halberdier
33:06 Detinets
36:46 Squires
40:51 Light Cavalry
41:43 Bloodlines
42:10 Cavalier
44:50 Hussar
47:59 Chemistry
48:46 Elite Skirmisher
48:49 Heavy Cavalry Archer
Stanko2026
0:29 Loom
4:50 Horse Collar
8:21 Double-Bit Axe
13:12 Feudal Age
13:00 Gold Mining
13:00 Stone Mining
14:19 Heavy Plow
17:07 Gold Shaft Mining
16:49 Bow Saw
21:00 Castle Age
20:52 Stone Shaft Mining
20:12 Town Watch
23:38 Ballistics
24:24 Murder Holes
24:40 Fortified Wall
25:02 Burgundian Vineyards
28:40 Imperial Age
28:53 Fletching
29:04 Padded Archer Armor
29:10 Scale Barding Armor
29:06 Scale Mail Armor
28:48 Light Cavalry
30:16 Crop Rotation
32:32 Chemistry
31:14 Treadmill Crane
31:51 Crossbowman
31:53 Elite Skirmisher
31:58 Pikeman
32:39 Squires
37:13 Bodkin Arrow
37:33 Leather Archer Armor
37:36 Chain Mail Armor
37:25 Arrowslits
41:45 Halberdier
44:47 Conscription
45:03 Hoardings
46:25 Arson
46:02 Man-at-Arms
46:56 Masonry
47:00 Fervor
47:05 Redemption
46:58 Devotion
47:19 Sanctity
Connection lost

Rejoining the realm…

Still unreachable

The connection could not be restored.

Session expired

The server has moved on; the page needs a fresh start.